 Dungeon Crawl Stone Soup version 0.18.1-8-gdd0e5ea (webtiles) character file.

554 oplop the Sneak (level 7, -7/36 HPs)
             Began as a Vine Stalker Assassin on May 24, 2016.
             Was an Initiate of Dithmenos.
             Killed from afar by an orc wizard (8 damage)
             ... with a magic dart
             ... on level 6 of the Dungeon.
             The game lasted 00:07:23 (3123 turns).

oplop the Sneak (Vine Stalker Assassin)             Turns: 3123, Time: 00:07:24

Health: -7/36      AC:  4    Str: 17    XL:     7   Next: 30%
Magic:  0/9        EV: 13    Int: 16    God:    Dithmenos [......]
Gold:   247        SH:  0    Dex: 17    Spells: 0 memorised, 6 levels left

rFire  . . .     SeeInvis .     a - +4 dagger
rCold  . . .     Gourm    .     B - +1 robe of Music {rPois Str+3 Slay-4}
rNeg   . . .     Faith    .     (no shield)
rPois  +         Spirit   +     (no helmet)
rElec  .         Dismiss  .     d - +0 cloak
rCorr  .         Reflect  .     (no gloves)
SustAt .         Harm     .     (no boots)
MR     +....                    (no amulet)
Stlth  +++.......               (no ring)
                                s - ring of protection from magic

@: brilliant, somewhat resistant to hostile enchantments, fairly stealthy
A: fangs 2, regeneration 2, magic shield, antimagic bite, no device heal 3, rot
immunity
a: Renounce Religion


You were on level 6 of the Dungeon.
You worshipped Dithmenos.
Dithmenos was noncommittal.
You were not hungry.

You visited 2 branches of the dungeon, and saw 7 of its levels.

You collected 247 gold pieces.

Inventory:

Hand Weapons
 a - a +4 dagger (weapon)
 b - a +0 blowgun
 h - a +2 dagger
Missiles
 e - 8 poisoned needles
 f - 2 curare-tipped needles
Armour
 c - a +0 robe
 d - a +0 cloak (worn)
 B - the +1 robe of Music (worn) {rPois Str+3 Slay-4}
   (You found it on level 5 of the Dungeon)

   It affects your strength (+3).
   It affects your accuracy and damage with ranged weapons and melee attacks
   (-4).
   It protects you from poison.
Jewellery
 s - a ring of protection from magic (left hand)
Scrolls
 i - 3 scrolls of random uselessness {unknown}
 j - 3 scrolls of noise {unknown}
 k - a scroll of enchant armour {unknown}
 o - 6 scrolls of identify {unknown}
 p - 3 scrolls of remove curse {unknown}
 q - 4 scrolls of enchant weapon {unknown}
 r - a scroll of amnesia {unknown}
 C - a scroll of vulnerability {unknown}
Potions
 l - 2 potions of brilliance
 m - a potion of ambrosia {unknown}
 n - a potion of invisibility {unknown}
 v - a potion of agility {unknown}
 w - 2 potions of cancellation {unknown}
 x - a potion of might
 A - 2 potions of flight {unknown}
 D - a potion of curing {unknown}
Books
 y - a book of the Sky

   Spells                             Type                      Level
   a - Summon Lightning Spire         Summoning/Air                4
   b - Airstrike                      Air                          4
   c - Silence                        Hexes/Air                    5
   d - Deflect Missiles               Charms/Air                   6
   e - Conjure Ball Lightning         Conjuration/Air              6
   f - Tornado                        Air                          9
Comestibles
 g - 4 bread rations
 t - a slice of pizza
 u - a meat ration
 z - a beef jerky


   Skills:
 + Level 3.4 Fighting
 + Level 3.6 Short Blades
 - Level 2.5 Throwing
 + Level 2.8 Dodging
 + Level 6.3 Stealth
 + Level 2.1 Invocations


You had 6 spell levels left.
You didn't know any spells.

Dungeon Overview and Level Annotations

Branches:
Dungeon (6/15)             Temple (1/1) D:4

Altars:
Ashenzari
Dithmenos
Elyvilon
Gozag
Kikubaaqudgha
Nemelex Xobeh
Okawaru
Qazlal
Ru
Sif Muna
Trog
Xom
Zin
The Shining One


Innate Abilities, Weirdness & Mutations

You have extremely sharp teeth.
You heal very quickly.
When hurt, damage is shared between your health and your magic reserves.
Your bite disrupts and absorbs the magic of your enemies.
Potions and wands cannot restore your health.
You are immune to rotting.


Message History

The orc wizard blinks!
You closely miss the orc.
The orc is heavily wounded.
The orc completely misses you.
You hit the orc but do no damage.
The orc is heavily wounded.
The orc hits you with a short sword.
* * * LOW HITPOINT WARNING * * *
The orc hits you with a falchion.
* * * LOW HITPOINT WARNING * * *
The orc hits you with a whip.
* * * LOW HITPOINT WARNING * * *
Drink which item? (? for menu, Esc to quit)
It was a potion of brilliance.
You feel clever all of a sudden. The orc hits you with a whip.
* * * LOW HITPOINT WARNING * * *
The orc wizard casts a spell at you. The magic dart hits you!
You die...

..####.<.#####....
#..o#.........
#...#.........
#...#.........
#..(#.........
#..oo.o....(..
#...#oo.......
#...#........?
#...#!@.......
#####.........
##########


You could see an orc wizard and 3 orcs.

Vanquished Creatures
  Grinder (D:5)
  An ogre (D:5)
  A howler monkey (D:4)
  A jelly (D:5)
  2 hounds
  An iguana (D:5)
  A howler monkey skeleton (D:4)
  A worker ant zombie (D:5)
  4 adders
  An ooze (D:1)
  3 worms
  A dart slug (D:2)
  A giant gecko (D:2)
  3 orcs
  4 bats
  A giant cockroach (D:2)
  4 goblins
  5 hobgoblins
  10 jackals
  8 kobolds
  3 quokkas
  7 giant newts
  5 rats
69 creatures vanquished.

Notes
Turn   | Place    | Note
--------------------------------------------------------------
     0 | D:1      | oplop the Vine Stalker Assassin began the quest for the Orb.
     0 | D:1      | Reached XP level 1. HP: 11/11 MP: 2/2
    60 | D:1      | Reached skill level 1 in Dodging
    95 | D:1      | Reached XP level 2. HP: 15/15 MP: 3/3
   501 | D:2      | namelastname112: к танцору пойдешь?
   531 | D:2      | oplop: хз
   531 | D:2      | oplop: к нему или доместос
   587 | D:2      | Reached skill level 5 in Stealth
   587 | D:2      | Reached XP level 3. HP: 16/18 MP: 4/4
   642 | D:2      | namelastname112: у меня есть клевое тв
   850 | D:2      | namelastname112: где я ваншотаю церебова последней абилкой
   882 | D:2      | namelastname112: меньше чем за 1 ход
   882 | D:2      | oplop: телефрагом чтоле?
   882 | D:2      | Reached XP level 4. HP: 23/23 MP: 5/5
   940 | D:2      | namelastname112: по крайней мере в логе написано, что меньше
   944 | D:2      | namelastname112: да
   953 | D:2      | oplop: а у танцора пиети пиздец быстро падает, ад?
   977 | D:2      | namelastname112: да
  1234 | D:2      | namelastname112: ну
  1279 | D:3      | namelastname112: по сути как берсерк
  1292 | D:3      | Found a stormy altar of Qazlal.
  1294 | D:3      | namelastname112: в каком-то смылсе
  1381 | D:3      | namelastname112: если ты урона не делаешь
  1487 | D:3      | namelastname112: то пити дропается
  1655 | D:3      | namelastname112: вообще из моего опыта
  1755 | D:3      | Found a sacrificial altar of Ru.
  1874 | D:4      | Found a staircase to the Ecumenical Temple.
  1886 | D:4      | namelastname112: ты хочешь пити держать на ***-****
  1900 | Temple   | Entered the Ecumenical Temple
  1923 | Temple   | namelastname112: из-за паралайза
  2112 | Temple   | namelastname112: ну, это если взрывать ниче не надо
  2112 | Temple   | oplop: ммм
  2112 | Temple   | namelastname112: ты в 0.18 играешь
  2112 | Temple   | namelastname112: лол
  2112 | Temple   | oplop: я на 0.18 нажал, блядь
  2112 | Temple   | oplop: по привычке
  2112 | Temple   | namelastname112: ну давай диса
  2112 | Temple   | oplop: ну значит доместос
  2118 | Temple   | namelastname112: барбариан
  2118 | Temple   | Became a worshipper of Dithmenos the Shadowed
  2118 | Temple   | namelastname112: слышь че
  2118 | Temple   | namelastname112: новых богов добавили
  2118 | Temple   | oplop: сдохну - в транк пойду
  2159 | D:4      | Reached XP level 5. HP: 22/27 MP: 4/6
  2242 | D:4      | namelastname112: хех
  2307 | D:4      | namelastname112: всяким политеистам заново ачивить
  2335 | D:4      | namelastname112: а мне не надо
  2335 | D:4      | barbarian: норм,а я скоро сгнию без интернета
  2342 | D:4      | namelastname112: а че ты без интернета
  2640 | D:5      | Entered Level 5 of the Dungeon
  2703 | D:5      | Noticed Grinder
  2709 | D:5      | barbarian: 3 дня в общаге не было интернета
  2712 | D:5      | Killed Grinder
  2712 | D:5      | Reached skill level 1 in Invocations
  2712 | D:5      | Gained mutation: You heal very quickly. [Vine Stalker growth]
  2712 | D:5      | Reached XP level 6. HP: 19/32 MP: 4/8
  2714 | D:5      | barbarian: по какой причине я хз
  2714 | D:5      | namelastname112: хуево
  2732 | D:5      | Got an ancient robe
  2743 | D:5      | Identified the +1 robe of Music {rPois Str+3 Slay-4} (You found it on level 5 of the Dungeon)
  2743 | D:5      | barbarian: что за боги?
  2743 | D:5      | oplop: >slay -4
  2743 | D:5      | oplop: один дайте перманентного союзника
  2743 | D:5      | oplop: второй - танцуульки
  2743 | D:5      | oplop: с конфузом, паралайзом и телефрагом
  2778 | D:5      | Reached skill level 6 in Stealth
  2839 | D:5      | barbarian: ксом v2?
  2840 | D:5      | Reached XP level 7. HP: 19/36 MP: 4/9
  2844 | D:5      | namelastname112: лучше
  2844 | D:5      | oplop: не
  2844 | D:5      | oplop: контролируется
  2844 | D:5      | namelastname112: раз так в 100
  2942 | D:5      | namelastname112: оплоп
  2962 | D:5      | namelastname112: хочешь посмотреть на охуенно тупой коммит?
  2991 | D:5      | oplop: ну давай
  2993 | D:5      | namelastname112: http://s-z.org/neil/git/?p=crawl.git;a=commit;h=0f14b34c1d5cd2c3de5b2c0218e9c109f514ae81
  3005 | D:5      | oplop: дроч какой то
  3005 | D:5      | oplop: бессмысленный
  3095 | D:6      | barbarian: а где можно патчноут почитать?
  3098 | D:6      | namelastname112: с иредом такая хуита
  3120 | D:6      | HP: 1/36 [orc/whip (4)]
  3121 | D:6      | namelastname112: http://s-z.org/neil/git/?p=crawl.git;a=shortlog
  3121 | D:6      | namelastname112: тут читай
  3121 | D:6      | namelastname112: ммм
  3121 | D:6      | namelastname112: блять
  3121 | D:6      | xeno23: выебали
  3121 | D:6      | namelastname112: ну вниз шагай
  3121 | D:6      | barbarian: а по точнее?
  3121 | D:6      | oplop: ты чет не то кинул
  3122 | D:6      | xeno23: да тут уже рип
  3123 | D:6      | Killed from afar by an orc wizard

Skill      XL: |  1  2  3  4  5  6  7 |
---------------+----------------------+-----
Dodging        | 1 2 |  2.8
Short Blades   | 2 3 |  3.6
Throwing       | 2 |  2.5
Stealth        | 5 6 |  6.3
Fighting       | 2 3 |  3.4
Invocations    | 1 2 |  2.1

Action                   |  1- 3 |  4- 6 |  7- 9 || total
-------------------------+-------+-------+-------++-------
Melee: Dagger            |    63 |   119 |    30 ||   212
       Bite              |    12 |    36 |    15 ||    63
 Fire: Blowgun           |       |       |     4 ||     4
  Use: Potion            |       |     2 |     1 ||     3
 Stab: Sleeping          |    10 |     3 |       ||    13
       Distracted        |     2 |       |       ||     2
  Eat: Chunk             |       |     6 |     1 ||     7
Armor: Robe              |    12 |    23 |     4 ||    39
Dodge: Dodged            |    26 |    65 |    23 ||   114
